[Event "*** Titled Tuesday Blitz"]
[Site "Chess.com"]
[Date "2019.07.02"]
[Round "4"]
[White "JuliaEfremova"]
[Black "Semen_Khanin"]
[Result "1/2-1/2"]
[WhiteElo "1949"]
[BlackElo "2703"]
[TimeControl "180+2"]
[EndTime "13:58:37 PDT"]
[Termination "Game drawn by 50-move rule"]

1. d4 Nf6 2. Bf4 b6 3. e3 Bb7 4.
Nf3 g6 5. Be2 Bg7 6. h3 O-O 7.
O-O d6 8. Nbd2 Nbd7 9. c3 Re8 10. Bh2 e5 11. a4 exd4 12. exd4 a6 13. Bc4 Ne4 14. Nxe4 Bxe4 15. Nd2 Bb7 16. Re1 Qg5 17. Bf1 Bh6 18. Nc4 Nf6 19. a5 b5 20. Ne3 Nd5 21. Ng4 Bg7 22. Qd3 h5 23. Ne3 Nxe3 24. Rxe3 Rxe3 25. Qxe3 Qd5 26. b4 Bf6 27. Re1 Bc6 28. Bf4 Re8 29. Qd2 Re4 30. Rxe4 Qxe4 31. Qe3 Qf5 32. Bd3 Qd5 33. f3 Qb3 34. Be4 Qc4 35.
Bc2 Kh7 36. Qd3 Qa2 37. Kh2 Bd5 38. Bc1 Be6 39. Qd2 Kg8 40. g4 hxg4 41. hxg4 Bg7 42.
Kg2 c6 43. Be4 Qc4 44. Bd3 Qb3 45. Bc2 Qa2 46. Be4 Qxd2+ 47. Bxd2 Bd7 48. Bf4 c5 49. dxc5 dxc5 50. Bd2 cxb4 51. cxb4 Bc8 52. Kf1 Kf8 53. Ke2 Ke7 54. Kd3 f5 55. gxf5 gxf5 56. Bd5 Kd6 57. Bg8 Be5 58. Bc3 Bf4 59. Bd4 Be6 60.
Bc5+ Kd5 61. Bxe6+ Kxe6 62. Kd4 Be5+ 63. Ke3 Kd5 64. Kd3 Bf6 65. Bf8 Bh4 66. Bc5 Be1 67. Bf8 Ke5 68. Ke3 Bh4 69. Bc5 Bg5+ 70. Ke2 Kd5 71.
Kd3 Bf4 72. Bf8 Bg3 73. Bc5 Bh4 74. Bf8 Bf2 75. Be7 Ke5 76. Ke2 Bg1 77. Bf8 Ba7 78. Bg7+ Kf4 79. Bh6+ Kg3 80. Bg7 Bb8 81. Bf8 Be5 82.
Bc5 Bc3 83. Bf8 Kf4 84. Bd6+ Kg5 85. Be7+ Kg6 86. Bc5 Kf6 87. Kd3 Be1 88. Ke2 Bg3 89. Kd3 Ke5 90. Bf8 Bf2 91. Ke2 Ba7 92. Kd3 Kd5 93. Be7 Bd4 94. Bf8 Bf6 95. Bc5 Bb2 96. Bf8 Bc1 97. Bc5 Ke5 98. Bf8 Bg5 99. Bc5 Ke6 100. Bf8 Bf6 101. Bc5 Kf7 102. Bd6 Kg6 103.
Bc5 Kh5 104. Bf8 Kh4 105. Bd6 Kh3 106. Ke2 Kg2 107. Bf8 Bd4 108. Bd6 Kh3 109. Kd3 Bf6 110. Bf8 Kg3 111. Ke2 Kf4 1/2-1/2

[Event "*** Titled Tuesday Blitz"]
[Site "Chess.com"]
[Date "2019.07.02"]
[Round "5"]
[White "Tjktiger"]
[Black "DryCounty"]
[Result "1/2-1/2"]
[WhiteElo "2870"]
[BlackElo "2717"]
[TimeControl "180+2"]
[EndTime "14:00:00 PDT"]
[Termination "Game drawn by agreement"]

1. c4 e6 2. Nc3 d5 3. d4 c5 4. cxd5 exd5 5. Nf3 Nc6 6. dxc5 d4 7. Na4 Bxc5 8.
Nxc5 Qa5+ 9. Bd2 Qxc5 10. Rc1 Qb6 11. b4 1/2-1/2

[Event "*** Titled Tuesday Blitz"]
[Site "Chess.com"]
[Date "2019.07.02"]
[Round "5"]
[White "oskariot"]
[Black "ruzomberok"]
[Result "0-1"]
[WhiteElo "2575"]
[BlackElo "2424"]
[TimeControl "180+2"]
[EndTime "14:00:22 PDT"]
[Termination "ruzomberok won by resignation"]

1. e3 e5 2. Ne2 d5 3. d4 exd4 4. Nxd4 c5 5. Nb3 Nc6 6. Bb5 Nf6 7. Nc3 Be7 8. O-O O-O 9. e4 d4 10. Bxc6 bxc6 0-1

[Event "*** Titled Tuesday Blitz"]
[Site "Chess.com"]
[Date "2019.07.02"]
[Round "5"]
[White "vlad_Sid"]
[Black "VishnuPrasanna"]
[Result "1-0"]
[WhiteElo "2557"]
[BlackElo "2799"]
[TimeControl "180+2"]
[EndTime "14:02:00 PDT"]
[Termination "vlad_Sid won by resignation"]

1. c4 g6 2. g3 Bg7 3. Bg2 d6 4. Nc3 e5 5. d3 f5 6. Nf3 Nf6 7. O-O O-O 8. Rb1 c6 9. b4 a6 10. a4 a5 11. b5 Nbd7 12. Qc2 Nc5 13. Be3 Qc7 14. Nxe5 f4 15. gxf4 dxe5 16. Bxc5 Re8 17.
bxc6 bxc6 18. Bb6 Qe7 19. fxe5 Ng4 20. f4 Nxe5 21. fxe5 1-0

[Event "*** Titled Tuesday Blitz"]
[Site "Chess.com"]
[Date "2019.07.02"]
[Round "5"]
[White "Muisback26"]
[Black "ozates"]
[Result "1-0"]
[WhiteElo "2946"]
[BlackElo "2317"]
[TimeControl "180+2"]
[EndTime "14:02:18 PDT"]
[Termination "Muisback26 won by resignation"]

1. e4 c5 2. Nf3 Nc6 3. d4 cxd4 4.
Nxd4 e5 5. Nb5 d6 6. N1c3 a6 7. Na3 Be7 8. Nc4 b5 9. Ne3 Nf6 10. g3 O-O 11. Bg2 Nd4 12. O-O Bb7 13. a4 b4 14.
Ncd5 Nxd5 15. exd5 Rc8 16. Bd2 Bg5 17. c3 bxc3 18. bxc3 Bxe3 19. fxe3 a5 20. cxd4 exd4 21. exd4 Qb6 22. Bf4 Rc4 23. Rb1 Qa7 24. Bxd6 Rxd4 25. Rxb7 Rxd1+ 26. Rxa7 1-0

[Event "*** Titled Tuesday Blitz"]
[Site "Chess.com"]
[Date "2019.07.02"]
[Round "5"]
[White "INLOVEWITHF"]
[Black "STARMATEcc"]
[Result "0-1"]
[WhiteElo "2376"]
[BlackElo "2549"]
[TimeControl "180+2"]
[EndTime "14:02:28 PDT"]
[Termination "STARMATEcc won by resignation"]

1. Nf3 Nf6 2. g3 b6 3. Bg2 Bb7 4. O-O c5 5. c4 g6 6. b3 Bg7 7. Bb2 O-O 8. d4 cxd4 9. Nxd4 Bxg2 10. Kxg2 d5 11. cxd5 Qxd5+ 12. Nf3 Na6 13. Nc3 Qb7 14. a3 Rfd8 15. Qc2 Rac8 16. Rac1 Nc5 17. b4 Nce4 18. Qb3 Nd2 19. Qa4 Nxf1 20. Rxf1 Ne4 21. Nxe4 Bxb2 22.
Qb3 Qxe4 23. Qxb2 Rc2 24. Qb3 Rxe2 25. Kg1 Rd3 26. Qxf7+ Kxf7 27. Ng5+ Kf6 28. Nxe4+ Rxe4 0-1

[Event "*** Titled Tuesday Blitz"]
[Site "Chess.com"]
[Date "2019.07.02"]
[Round "5"]
[White "Daniel-2003"]
[Black "Thee-Chessboy"]
[Result "1-0"]
[WhiteElo "2291"]
[BlackElo "2423"]
[TimeControl "180+2"]
[EndTime "14:02:30 PDT"]
[Termination "Daniel-2003 won by resignation"]

1. e4 c5 2. Nf3 d6 3. d4 cxd4 4. Nxd4 Nf6 5. Nc3 a6 6. h3 e6 7. g4 h6 8. Bg2 g5 9. Be3 Nbd7 10.
Qe2 Ne5 11. O-O-O Qc7 12. f4 gxf4 13. Bxf4 Bd7 14. Rhf1 Be7 15. Nf3 Ng6 16. Bg3 Rc8 17. e5 dxe5 18. Nxe5 Nxe5 19. Bxe5 1-0

[Event "*** Titled Tuesday Blitz"]
[Site "Chess.com"]
[Date "2019.07.02"]
[Round "5"]
[White "Yurovskykh_Oleksandr"]
[Black "Th3ChessViking"]
[Result "0-1"]
[WhiteElo "2507"]
[BlackElo "2464"]
[TimeControl "180+2"]
[EndTime "14:02:48 PDT"]
[Termination "Th3ChessViking won by resignation"]

1. d4 Nf6 2. Nf3 e6 3. Bf4 c5 4. e3 cxd4 5. exd4 b6 6. Nbd2 Bb7 7. Bd3 d6 8. h3 a6 9. Bh2 Nbd7 10. a4 Qc7 11. O-O Be7 12. Qe2 O-O 13. c4 Rfe8 14.
b4 Qc6 15. Rfc1 Bf8 16. Ne1 g6 17. f3 e5 18. d5 Qc8 19. Nc2 a5 20. bxa5 bxa5 21.
Kh1 Nc5 22. Bg1 Nh5 23. Kh2 Nf4 0-1

[Event "*** Titled Tuesday Blitz"]
[Site "Chess.com"]
[Date "2019.07.02"]
[Round "5"]
[White "Manukyan_Artak"]
[Black "ENEASZ"]
[Result "0-1"]
[WhiteElo "2323"]
[BlackElo "2502"]
[TimeControl "180+2"]
[EndTime "14:02:50 PDT"]
[Termination "ENEASZ won by resignation"]

1. e4 e5 2. Nf3 Nc6 3. d4 exd4 4. Nxd4 Qh4 5. Nb5 Bc5 6. Qe2 Nf6 7. g3 Qxe4 8. Nxc7+ Kd8 9. Qxe4 Nxe4 10. Nxa8 Nxf2 11. Bg2 Re8+ 12. Kf1 b6 13. Nd2 Nxh1 14. Bxh1 Bb7 15. Nxb6 Bxb6 16. Nc4 Ba6 17. b3 Ne5 18. Bd5 Nxc4 19.
bxc4 Re5 20. Bf4 Rxd5 0-1

[Event "*** Titled Tuesday Blitz"]
[Site "Chess.com"]
[Date "2019.07.02"]
[Round "5"]
[White "alishersuleymenov"]
[Black "benhal"]
[Result "0-1"]
[WhiteElo "2588"]
[BlackElo "2407"]
[TimeControl "180+2"]
[EndTime "14:03:00 PDT"]
[Termination "benhal won by resignation"]

1. h4 b6 2. h5 h6 3. a4 a5 4. b3 Bb7 5. Bb2 e6 6. Nf3 Nf6 7. e3 Bb4 8. g4 Nxg4 9. Rg1 f5 10.
Bxg7 Rg8 11. Bb2 Na6 12. Nc3 Qe7 13. Qe2 O-O-O 14. O-O-O Ba3 15. Nd4 Bxb2+ 16. Kxb2 Nb4 17. f3 Nf6 18. Rxg8 Rxg8 19. f4 Qf7 20. Qc4 d5 21. Qe2 Kd7 22. Bg2 Qxh5 23. Qb5+ Kc8 24. Bf3 Qf7 25.
Rh1 Ba6 26. Rxh6 Bxb5 27. Ncxb5 Kb7 28. Nc3 Rg6 29. Rh2 Ne4 30. Nd1 Qf6 31. d3 c5 32.
dxe4 dxe4 33. Bh5 0-1

[Event "*** Titled Tuesday Blitz"]
[Site "Chess.com"]
[Date "2019.07.02"]
[Round "5"]
[White "Gabix_94"]
[Black "ChainsOfFantasia"]
[Result "1-0"]
[WhiteElo "2685"]
[BlackElo "2471"]
[TimeControl "180+2"]
[EndTime "14:03:32 PDT"]
[Termination "Gabix_94 won by resignation"]

1. c4 e6 2. Nc3 d5 3. d4 Nf6 4. Nf3 dxc4 5. e3 c5 6. Bxc4 a6 7. O-O b5 8. Bb3 Bb7 9. Qe2 Be7 10. Rd1 cxd4 11. Nxd4 Qb6 12. a4 O-O 13. axb5 axb5 14.
Rxa8 Bxa8 15. Qxb5 Qa7 16. Bd2 Nbd7 17. Nc6 Bxc6 18.
Qxc6 Rb8 19. Nb5 Qb7 20. Qxb7 Rxb7 21. Bc4 Ne5 22. Be2 Ne4 23. Be1 f5 24. f3 Nc5 25.
Bc3 Ned3 26. Rxd3 Rxb5 27. Rd7 Rxb2 28. Rxe7 Rxe2 29. Rxg7+ Kf8 30. Rxh7 Rxe3 31. Bb4 Kg8 32. Bxc5 1-0

[Event "*** Titled Tuesday Blitz"]
[Site "Chess.com"]
[Date "2019.07.02"]
[Round "5"]
[White "saraswathii"]
[Black "dcremisi"]
[Result "1/2-1/2"]
[WhiteElo "2330"]
[BlackElo "2260"]
[TimeControl "180+2"]
[EndTime "14:03:38 PDT"]
[Termination "Game drawn by repetition"]

1. d4 Nf6 2. Bf4 d6 3. e3 g6 4. Nf3 Bg7 5. Be2 O-O 6. O-O Nbd7 7. h3 b6 8. c4 Bb7 9. Nc3 Re8 10. a4 e5 11. Bg3 a5 12. Nb5 exd4 13. exd4 Ne4 14. Bh2 Rc8 15. Bd3 Ng5 16. Be2 Qf6 17. Nxg5 Qxg5 18.
Bf3 Bxf3 19. Qxf3 Qd2 20. Qc3 Re2 21. Rae1 Qxb2 22. Rxe2 Qxe2 23. Re1 Qa2 24. Ra1 Qe2 25. Re1 Qa2 26. Ra1 Qe2 27. Re1 1/2-1/2

[Event "*** Titled Tuesday Blitz"]
[Site "Chess.com"]
[Date "2019.07.02"]
[Round "5"]
[White "AryanTari"]
[Black "Naruto-K"]
[Result "1-0"]
[WhiteElo "2817"]
[BlackElo "2529"]
[TimeControl "180+2"]
[EndTime "14:03:43 PDT"]
[Termination "AryanTari won by resignation"]

1. c4 Nf6 2. Nc3 c5 3. Nf3 b6 4. e4 d6 5. d4 cxd4 6. Nxd4 g6 7.
Be3 Bg7 8. Be2 Bb7 9. f3 Nbd7 10. Qd2 h5 11. O-O h4 12. b4 Rc8 13. Rac1 a6 14. Rfd1 Kf8 15. Nb3 Kg8 16. Nd5 Rh5 17. Nf4 Rh8 18. c5 bxc5 19. bxc5 e5 20. Nh3 d5 21.
Na5 Ba8 22. c6 d4 23. cxd7 Rxc1 24. Rxc1 dxe3 25. Rc8 1-0

[Event "*** Titled Tuesday Blitz"]
[Site "Chess.com"]
[Date "2019.07.02"]
[Round "5"]
[White "mitrabhaa"]
[Black "Squirlolz"]
[Result "0-1"]
[WhiteElo "2700"]
[BlackElo "2516"]
[TimeControl "180+2"]
[EndTime "14:03:44 PDT"]
[Termination "Squirlolz won by resignation"]

1. d4 Nf6 2. c4 e6 3. g3 c5 4. Nf3 cxd4 5. Nxd4 Nc6 6. Bg2 Bc5 7. Nb3 Be7 8. O-O d6 9. Nc3 O-O 10. Bf4 a6 11. h3 h6 12. Rc1 e5 13. Be3 Be6 14. Nd5 Rc8 15. Bb6 Qd7 16. Qd2 Bxh3 17. Nxf6+ Bxf6 18. Bxh3 Qxh3 19. Qxd6 e4 20. Rc2 Ne5 21.
Rd1 Nf3+ 0-1

[Event "*** Titled Tuesday Blitz"]
[Site "Chess.com"]
[Date "2019.07.02"]
[Round "5"]
[White "VFernandezB"]
[Black "vlad10898"]
[Result "0-1"]
[WhiteElo "2338"]
[BlackElo "2478"]
[TimeControl "180+2"]
[EndTime "14:03:46 PDT"]
[Termination "vlad10898 won by resignation"]

1. e4 c5 2. Nf3 d6 3. Bb5+ Nd7 4. O-O a6 5. Bxd7+ Bxd7 6. d4 cxd4 7. Qxd4 e5 8. Qd3 h6 9. Nc3 Nf6 10. h3 Be7 11. Be3 O-O 12. Nd2 Be6 13. Nc4 Rc8 14. Nb6 Rc6 15. Nbd5 Bxd5 16. exd5 Rc8 17. a4 Nd7 18. a5 f5 19. f3 Bg5 20. Bf2 Qf6 21.
Ra4 Nc5 22. Bxc5 Rxc5 23. Rb4 Qf7 24. Rb6 Qd7 25. b4 Rcc8 26. b5 Bd8 27. Na4 Qe7 28. bxa6 Bxb6+ 29. Nxb6 Rc5 30. a7 Rxa5 31. a8=Q Rfxa8 32.
Nxa8 Rxa8 33. Qb5 Qc7 34. Rb1 Qxc2 35. Qxb7 Ra2 36. Qc8+ Qxc8 0-1

[Event "*** Titled Tuesday Blitz"]
[Site "Chess.com"]
[Date "2019.07.02"]
[Round "5"]
[White "evgenyermolaev"]
[Black "kosya4ok"]
[Result "0-1"]
[WhiteElo "2503"]
[BlackElo "2764"]
[TimeControl "180+2"]
[EndTime "14:03:48 PDT"]
[Termination "kosya4ok won by resignation"]

1. e4 c5 2. Nf3 Nc6 3. b3 e6 4. Bb2 b6 5. Bb5 Bb7 6. O-O a6 7.
Bxc6 Bxc6 8. Re1 Nf6 9. d3 Be7 10. a4 O-O 11. Nbd2 d6 12. e5 dxe5 13. Nxe5 Bb7 14.
Ne4 Nd5 15. Qg4 f5 16. Qg3 Bh4 17. Qh3 Nf4 18. Qe3 fxe4 19. dxe4 Bxf2+ 20. Qxf2 Nh3+ 21. gxh3 Rxf2 22. Kxf2 Qh4+ 23. Kg1 Bxe4 24. Re3 Rf8 25. Rg3 g6 26. Ng4 h5 27. Ne5 Qf4 0-1

[Event "*** Titled Tuesday Blitz"]
[Site "Chess.com"]
[Date "2019.07.02"]
[Round "5"]
[White "tteshan"]
[Black "MasterKroket"]
[Result "0-1"]
[WhiteElo "2221"]
[BlackElo "2376"]
[TimeControl "180+2"]
[EndTime "14:03:51 PDT"]
[Termination "MasterKroket won by resignation"]

1. e4 c5 2. c3 Nf6 3. e5 Nd5 4.
d4 cxd4 5. cxd4 d6 6. Nf3 Nc6 7. a3 Bg4 8. Be2 dxe5 9. dxe5 Nb6 10. O-O e6 11. Nc3 Be7 12. Be3 O-O 13. h3 Bxf3 14. Bxf3 Nxe5 15. Bxb7 Qxd1 16. Rfxd1 Rab8 17. Be4 Nec4 18.
b4 Nxe3 19. fxe3 Bf6 20. Rac1 Nc4 21. Nb1 Nxe3 22. Rd3 Rbc8 23. Rxc8 Rxc8 24. Rxe3 Bd4 25. Kf2 f5 26. Bd3 f4 27. Kf3 fxe3 0-1

[Event "*** Titled Tuesday Blitz"]
[Site "Chess.com"]
[Date "2019.07.02"]
[Round "5"]
[White "MarcoRiehle"]
[Black "larso"]
[Result "1-0"]
[WhiteElo "2716"]
[BlackElo "2786"]
[TimeControl "180+2"]
[EndTime "14:03:54 PDT"]
[Termination "MarcoRiehle won by resignation"]

1. e4 c5 2. Nf3 d6 3. d4 cxd4 4.
Nxd4 Nf6 5. f3 g6 6. c4 Bg7 7.
Nc3 Nc6 8. Be3 O-O 9. Qd2 Nxd4 10. Bxd4 Bd7 11. Be2 Bc6 12. b4 a5 13. b5 Be8 14.
O-O Rc8 15. Rac1 Nd7 16. Nd5 Bxd4+ 17. Qxd4 Nc5 18. e5 Ne6 19. Qe3 dxe5 20. Qxe5 Qd6 21. Qxd6 exd6 22. Ne7+ 1-0

[Event "*** Titled Tuesday Blitz"]
[Site "Chess.com"]
[Date "2019.07.02"]
[Round "5"]
[White "Korchmar_Vasiliy"]
[Black "dolynachess"]
[Result "1-0"]
[WhiteElo "2746"]
[BlackElo "2460"]
[TimeControl "180+2"]
[EndTime "14:04:04 PDT"]
[Termination "Korchmar_Vasiliy won by resignation"]

1. d4 Nf6 2. c4 c5 3. d5 b5 4. cxb5 a6 5. bxa6 Bxa6 6. Nc3 d6 7. e4 Bxf1 8. Kxf1 Nbd7 9. Nf3 g6 10. g3 Bg7 11. Kg2 O-O 12. a4 Ra6 13. Qe2 Qa8 14.
Rd1 Rb8 15. Ra3 Ne8 16. Bg5 Kf8 17. Rb1 Nb6 18. Qc2 Nc7 19. b4 Nc4 20. Rab3 h6 21. Bf4 cxb4 22. Rxb4 Rxb4 23. Rxb4 Nb6 24. Qb3 Nd7 25.
Nd4 g5 26. Be3 Nc5 27. Rb8+ 1-0

[Event "*** Titled Tuesday Blitz"]
[Site "Chess.com"]
[Date "2019.07.02"]
[Round "5"]
[White "MehdiHosseinipour"]
[Black "Msb2"]
[Result "0-1"]
[WhiteElo "2593"]
[BlackElo "2866"]
[TimeControl "180+2"]
[EndTime "14:04:13 PDT"]
[Termination "Msb2 won by resignation"]

1. e4 c6 2. d4 d5 3. e5 c5 4.
dxc5 e6 5. a3 Bxc5 6. b4 Be7 7.
Nf3 a5 8. b5 f6 9. Bb2 Nd7 10. Bd3 Nh6 11. O-O Nf7 12. exf6 Bxf6 13. Bxf6 Qxf6 14. Nbd2 e5 15. Re1 O-O 16. Qe2 e4 17. Nxe4 dxe4 18. Bxe4 Nc5 19. Bd5 Bg4 20. Qc4 Bxf3 21. Bxf3 Rac8 22. Rad1 Kh8 23. Rd5 b6 24. Qe2 h6 25. g3 Nd6 26. Bg2 Rce8 27. Qf1 Rxe1 28.
Qxe1 Nxb5 29. a4 Nc3 30. Re5 N3xa4 31. Re8 Nb2 0-1

[Event "*** Titled Tuesday Blitz"]
[Site "Chess.com"]
[Date "2019.07.02"]
[Round "5"]
[White "TregubovP"]
[Black "Hamisandwich"]
[Result "1-0"]
[WhiteElo "2527"]
[BlackElo "2448"]
[TimeControl "180+2"]
[EndTime "14:04:14 PDT"]
[Termination "TregubovP won by resignation"]

1. d4 Nf6 2. c4 e6 3. Nc3 Bb4 4.
e3 O-O 5. Bd3 d5 6. Ne2 c5 7.
cxd5 cxd4 8. exd4 Nxd5 9. O-O Nc6 10. Nxd5 Qxd5 11. Qc2 h6 12. a3 Be7 13. Rd1 Rd8 14.
Be4 Qa5 15. Bd2 Qh5 16. Be3 Bf6 17. Nf4 Qg4 18. h3 1-0

[Event "*** Titled Tuesday Blitz"]
[Site "Chess.com"]
[Date "2019.07.02"]
[Round "5"]
[White "lionheart95"]
[Black "DerSchachaffe"]
[Result "0-1"]
[WhiteElo "2416"]
[BlackElo "2375"]
[TimeControl "180+2"]
[EndTime "14:04:26 PDT"]
[Termination "DerSchachaffe won by checkmate"]

1. d4 Nf6 2. c4 g6 3. Nf3 Bg7 4. g3 O-O 5. Bg2 d5 6. O-O c6 7.
cxd5 cxd5 8. Ne5 Ng4 9. Nxg4 Bxg4 10. Nc3 Nc6 11. Be3 e5 12. dxe5 d4 13. Bxc6 dxe3 14.
Qxd8 Rfxd8 15. Bxb7 Rab8 16. Bd5 Bxe5 17. Bb3 exf2+ 18.
Kxf2 Rd2 19. Ke3 Rxb2 20. Rac1 Bxc3 21. Rxc3 Rxe2+ 22. Kf4 Bh3 23. Rff3 Rb4+ 24. Kg5 Rb5+ 25. Kf4 Rf5# 0-1

[Event "*** Titled Tuesday Blitz"]
[Site "Chess.com"]
[Date "2019.07.02"]
[Round "5"]
[White "TBergh98"]
[Black "Caisachess"]
[Result "0-1"]
[WhiteElo "2267"]
[BlackElo "2373"]
[TimeControl "180+2"]
[EndTime "14:04:31 PDT"]
[Termination "Caisachess won by resignation"]

1. d4 Nf6 2. Bg5 Ne4 3. Bf4 c5 4. f3 Nf6 5. d5 d6 6. Nc3 g6 7. e4 Bg7 8. Qd2 O-O 9. h4 h5 10. Nh3 Bxh3 11. Rxh3 b5 12. Bxb5 Qb6 13. Rb1 a6 14.
Be2 Nbd7 15. g4 Rab8 16. Rh1 Qb4 17. Bh6 Ne5 18. Bxg7 Kxg7 19. Rg1 Nc4 20. Bxc4 Qxc4 21.
gxh5 Nxh5 22. Qg5 Rxb2 23. Qe3 Rxb1+ 24. Nxb1 Qxc2 25. Nd2 Rb8 26. f4 Rb2 27. f5 Qc1+ 28.
Ke2 Rxd2+ 29. Qxd2 Qxg1 30. Qb2+ Qd4 31. Qxd4+ cxd4 0-1

[Event "*** Titled Tuesday Blitz"]
[Site "Chess.com"]
[Date "2019.07.02"]
[Round "5"]
[White "witcher8"]
[Black "m3alam"]
[Result "0-1"]
[WhiteElo "2426"]
[BlackElo "2374"]
[TimeControl "180+2"]
[EndTime "14:04:34 PDT"]
[Termination "m3alam won by resignation"]

1. e4 c6 2. d4 d5 3. e5 Bf5 4.
h4 h5 5. c4 e6 6. Bg5 f6 7.
exf6 gxf6 8. Bf4 Na6 9. Nc3 Nb4 10. Rc1 e5 11. dxe5 d4 12. Be2 dxc3 13. Bxh5+ Ke7 14.
exf6+ Nxf6 15. Qe2+ Be4 16. Bg5 Rxh5 17. Rd1 Qxd1+ 18.
Kxd1 c2+ 19. Ke1 Rxg5 0-1

[Event "*** Titled Tuesday Blitz"]
[Site "Chess.com"]
[Date "2019.07.02"]
[Round "5"]
[White "Cruel_Yaro"]
[Black "2nd_life"]
[Result "0-1"]
[WhiteElo "2733"]
[BlackElo "2502"]
[TimeControl "180+2"]
[EndTime "14:04:34 PDT"]
[Termination "2nd_life won by resignation"]

1. e4 e5 2. Nf3 Nc6 3. d4 exd4 4. Nxd4 Bb4+ 5. c3 Be7 6. Nf5 Bf6 7. g4 g6 8. Ne3 Bh4 9. Bg2 h5 10. Nd2 hxg4 11.
Nxg4 Nf6 12. Nxf6+ Qxf6 13. Nf3 d6 14. Nxh4 Rxh4 15.
Be3 Bh3 16. Bxh3 Rxh3 17. Qe2 Qe6 18. O-O-O Qxa2 19. f4 Qa1+ 20. Kc2 Qa4+ 21. Kd3 Qb5+ 0-1

[Event "*** Titled Tuesday Blitz"]
[Site "Chess.com"]
[Date "2019.07.02"]
[Round "5"]
[White "Kimster98"]
[Black "WPWPWP-2015"]
[Result "0-1"]
[WhiteElo "2573"]
[BlackElo "2398"]
[TimeControl "180+2"]
[EndTime "14:04:35 PDT"]
[Termination "WPWPWP-2015 won by resignation"]

1. Nf3 Nf6 2. b3 d5 3. Bb2 c5 4. e3 Nc6 5. Bb5 Bg4 6. h3 Bxf3 7.
Bxc6+ bxc6 8. Qxf3 e6 9. d3 Bd6 10. Nd2 O-O 11. e4 e5 12. O-O a5 13. a4 Rb8 14. Rae1 Re8 15. Qe2 Nd7 16. Bc3 Nf8 17. Qf3 Bc7 18. Qg3 Ng6 19. Qg4 Qc8 20. Qxc8 Rbxc8 21.
g3 Re6 22. Nf3 Rf8 23. Nd2 f5 24. f3 h5 25. Kg2 Ref6 26. Bb2 h4 27. g4 Nf4+ 28.
Kh2 fxe4 29. fxe4 Nxd3 30. Rxf6 Rxf6 31. cxd3 Rf2+ 32. Kg1 Rxd2 33. Ba1 d4 0-1

[Event "*** Titled Tuesday Blitz"]
[Site "Chess.com"]
[Date "2019.07.02"]
[Round "5"]
[White "MITerryble"]
[Black "FairChess_on_YouTube"]
[Result "1/2-1/2"]
[WhiteElo "2828"]
[BlackElo "3042"]
[TimeControl "180+2"]
[EndTime "14:04:36 PDT"]
[Termination "Game drawn by repetition"]

1. d4 d5 2. Nf3 Nf6 3. c4 e6 4. e3 a6 5. b3 c5 6. Bd3 Nc6 7. O-O Be7 8. Bb2 cxd4 9. exd4 O-O 10. Re1 b6 11. Nbd2 Bb7 12. Rc1 g6 13. a3 a5 14.
Qe2 a4 15. b4 dxc4 16. Nxc4 Nd5 17. Qd2 Bf6 18. Nce5 Nxe5 19. dxe5 Bg7 20. Bb5 Qb8 21. Qg5 Nc7 22. Be2 Nd5 23. Bb5 Nc7 24. Be2 Nd5 25.
Bb5 1/2-1/2

[Event "*** Titled Tuesday Blitz"]
[Site "Chess.com"]
[Date "2019.07.02"]
[Round "5"]
[White "DenishevM"]
[Black "wadsy27"]
[Result "0-1"]
[WhiteElo "2587"]
[BlackElo "2450"]
[TimeControl "180+2"]
[EndTime "14:04:38 PDT"]
[Termination "wadsy27 won by resignation"]

1. d4 Nf6 2. c4 c5 3. d5 e6 4. Nc3 exd5 5. cxd5 d6 6. Nf3 g6 7. Bf4 a6 8. a4 Bg7 9. e3 O-O 10. Be2 Qe7 11. O-O Nbd7 12. h3 Ne8 13. Nd2 Rb8 14. Nc4 Ne5 15. Na3 Nc7 16. Re1 Bd7 17. a5 f5 18. Bh2 Nf7 19. Nc4 Nb5 20. Nxb5 Bxb5 21. Qc2 Rfe8 22. Ra3 Rbd8 23. b3 Qe4 24. Qd2 Qe7 25. Ra2 Bf6 26. Rc2 Kg7 27. Rcc1 Ng5 28.
Qc2 Ne4 29. Bd3 Nc3 30. Bf4 Nxd5 31. Bg3 Nb4 32. Qe2 Nxd3 33. Qxd3 d5 34. Qc2 dxc4 35. bxc4 Bc6 36. Red1 Rxd1+ 37. Rxd1 Rd8 38. Rb1 Qe4 0-1

[Event "*** Titled Tuesday Blitz"]
[Site "Chess.com"]
[Date "2019.07.02"]
[Round "5"]
[White "GremioPrudente"]
[Black "guillembaches"]
[Result "1/2-1/2"]
[WhiteElo "2230"]
[BlackElo "2316"]
[TimeControl "180+2"]
[EndTime "14:04:41 PDT"]
[Termination "Game drawn by agreement"]

1. d4 Nf6 2. c4 e6 3. Nf3 d5 4. Nc3 Be7 5. Bg5 h6 6. Bh4 O-O 7. e3 Nbd7 8. Bd3 c5 9. cxd5 Nxd5 10. Bxe7 Nxe7 11. O-O b6 12. Be4 Rb8 13. Qa4 a5 14.
Rfd1 cxd4 15. Qxd4 Qc7 16. Rac1 Nc5 17. Nb5 Qd7 18. Qc4 Nd5 19. Bxd5 exd5 20. Rxd5 Qe6 21.
Nbd4 Qg6 22. Ne5 Qe4 23. Nec6 Ba6 24. Qc3 1/2-1/2

[Event "*** Titled Tuesday Blitz"]
[Site "Chess.com"]
[Date "2019.07.02"]
[Round "5"]
[White "Chesstrainer1"]
[Black "irregularity"]
[Result "1-0"]
[WhiteElo "2417"]
[BlackElo "2527"]
[TimeControl "180+2"]
[EndTime "14:04:48 PDT"]
[Termination "Chesstrainer1 won by resignation"]

1. d4 Nf6 2. c4 c5 3. d5 e6 4. Nc3 exd5 5. cxd5 d6 6. e4 g6 7. f4 Bg7 8. Bb5+ Nfd7 9. Nf3 O-O 10. O-O a6 11. Bd3 b5 12. Qe1 c4 13. Bc2 Nc5 14. Qg3 Re8 15. f5 b4 16. Na4 Nxe4 17. Bxe4 Rxe4 18. fxg6 hxg6 19. Ng5 Re7 20. Qh4 Bf5 21. g4 Bd7 22. Qh7+ Kf8 23. Nxf7 Rxf7 24. Bh6 Qe7 25. Qxg7+ Ke8 26. Qg8+ 1-0

[Event "*** Titled Tuesday Blitz"]
[Site "Chess.com"]
[Date "2019.07.02"]
[Round "5"]
[White "Samuray111"]
[Black "Angry_Twin"]
[Result "0-1"]
[WhiteElo "2561"]
[BlackElo "2806"]
[TimeControl "180+2"]
[EndTime "14:04:54 PDT"]
[Termination "Angry_Twin won on time"]

1. Nf3 d5 2. c4 d4 3. g3 Nc6 4.
Bg2 e5 5. d3 Bd6 6. O-O Nge7 7.
e3 dxe3 8. Bxe3 O-O 9. Nc3 Nf5 10. Bg5 f6 11. Bd2 Kh8 12. a3 a5 13. Nb5 Bc5 14. Bc3 Ncd4 15. Nbxd4 Nxd4 16. Nxd4 Bxd4 17. Qh5 Bxc3 18. bxc3 Qxd3 19. Rfd1 Qxc3 20. Qf7 Bg4 21. Qxc7 Bxd1 22. Rxd1 Rac8 23. Qxb7 Rxc4 24. Rd7 Qe1+ 25. Bf1 Rc1 26. Qb5 h6 27. h4 Rfc8 28. Qd3 e4 29. Qa6 e3 30. fxe3 Qxg3+ 0-1

[Event "*** Titled Tuesday Blitz"]
[Site "Chess.com"]
[Date "2019.07.02"]
[Round "5"]
[White "OglazaOskar2005"]
[Black "pedromartinez91"]
[Result "1-0"]
[WhiteElo "2270"]
[BlackElo "2422"]
[TimeControl "180+2"]
[EndTime "14:05:09 PDT"]
[Termination "OglazaOskar2005 won by resignation"]

1. e4 e6 2. d4 d5 3. Nc3 Nf6 4. e5 Ne4 5. Nce2 f6 6. f3 Ng5 7.
Bxg5 fxg5 8. Qd2 c5 9. O-O-O Nc6 10. h4 gxh4 11. g3 hxg3 12. f4 Be7 13. Nf3 Qa5 14. c3 Qxa2 15. Nxg3 Bd7 16. Bh3 c4 17. f5 Na5 18.
Qf4 Qa1+ 19. Kd2 Qxb2+ 20. Ke3 Qxc3+ 21. Kf2 O-O-O 22. fxe6 Ba4 23. Nf5 Nc6 24. Rb1 Rhf8 25. Rhc1 Qa3 26. Nd6+ Kb8 27. Rxb7+ Ka8 28. Bf5 Bxd6 29.
exd6 Kxb7 30. e7 Qxd6 31. Qxd6 Rxd6 32. exf8=Q Rf6 33. Rb1+ Bb3 34. Qxg7+ 1-0